Map: Orbital Shipyard

Players

MaRsHy - Winner!

  • Race: Protoss Protoss
  • League: Platinum

PerseVerAnce

  • Race: Terran Terran
  • League: Diamond

VOD

Have the link to the VOD?

Description

TvP is currently my worst match up. I'm doing a bit better in TvT now although my win rate still hovers around 49% for that.

Here is a TvP for now. My build is sort of like Polt's TvP Opener as indicated in this google doc: https://docs.google.com/document/d/1XhvEZeSZCdviZls3pfKBAQBzIpPBOeC9hw18P9DnXVg/edit. I open reaper expand into 2 Barracks, 1 Factory, 1 Starport. I do a Widow mine drop while I research +1/+1 and Stim. I try to push around 6-7 minutes with Marine-Maruader-Medivacs with the goal of sniping the opponent's third while expanding to my own third behind it.

This worked fine when I was fighting pre-diamond Protosses, but now that I'm fighting Protosses who can defend, it doesn't seem to do so well anymore.

I analysed the replay and I have came to the following conclusion: I lost the match because I ran into Stasis Ward. I should have predicted a Stasis Ward based off the fact that my opponent has an Oracle that I did not kill. Knowing this, I should have ran a single marine ahead of my army to prevent this from happening.

Time

  • Played on: Jan. 18, 2016, 3:13 a.m.
  • Length: 9:34
Show
View Real Time Build Order
Export as new Build Order

MaRsHy Protoss - Winner!

Build Orders: 1 Gate Expand, Oracle Opening 

Get SALT Encoding   

  12  0:01  Probe (Chrono Boost)  
  13  0:11  Probe (Chrono Boost)  
  14  0:20  Pylon  
  14  0:22  Probe (Chrono Boost)  
  15  0:38  Probe (Chrono Boost)  
  15  0:39  Gateway  
  16  0:45  Assimilator  
  16  0:49  Probe (Chrono Boost)  
  17  0:59  Probe (Chrono Boost)  
  18  1:10  Probe (Chrono Boost)  
  19  1:21  Nexus  
  19  1:24  Probe (Chrono Boost)  
  20  1:35  Cybernetics Core  
  20  1:37  Probe (Chrono Boost)  
  21  1:51  Probe (Chrono Boost)  
  21  1:52  Assimilator  
  22  1:54  Pylon  
  22  2:01  Probe (Chrono Boost)  
  23  2:12  Probe (Chrono Boost), Adept  
  27  2:23  Mothership Core (Chrono Boost)  
  27  2:34  Probe (Chrono Boost)  
  27  2:36  Warp Gate (Chrono Boost)  
  28  2:41  Probe (Chrono Boost)  
  29  2:44  Probe (Chrono Boost)  
  32  2:52  Probe (Chrono Boost)  
  31  2:59  Stargate  
  31  3:02  Probe x2 (Chrono Boost)  
  31  3:05  Gateway  
  33  3:08  Gateway, Pylon  
  33  3:12  Probe (Chrono Boost)  
  33  3:13  Probe (Chrono Boost)  
  35  3:22  Probe  
  35  3:24  Probe  
  37  3:32  Probe  
  38  3:36  Probe  
  39  3:42  Pylon, Oracle (Chrono Boost)  
  39  3:43  Probe  
  39  3:48  Probe  
  44  3:53  Probe  
  45  4:00  Probe, Assimilator  
  46  4:04  Probe  
  47  4:10  Pylon  
  47  4:12  Probe  
  47  4:14  Probe, Phoenix (Chrono Boost)  
  51  4:24  Probe  
  51  4:25  Probe  
  53  4:36  Probe  
  54  4:39  Assimilator  
  54  4:41  Pylon  
  54  4:44  Pylon  
  56  4:46  Phoenix (Chrono Boost)  
  56  4:59  Probe  
  56  5:00  Probe  
  58  5:07  Phoenix (Chrono Boost)  
  60  5:20  Probe  
  60  5:21  Probe  
  60  5:26  Nexus  
  60  5:28  Pylon  
  62  5:37  Pylon  
  62  5:38  Pylon  
  62  5:40  Pylon  
  62  5:52  Gateway  
  62  5:53  Gateway, Phoenix (Chrono Boost)  
  62  5:55  Gateway  
  62  5:56  Pylon  
  64  5:59  Probe  
  64  6:01  Probe  
  66  6:06  Gateway  
  66  6:08  Robotics Facility  
  64  6:15  Phoenix (Chrono Boost)  
  66  6:27  Twilight Council  
  66  6:34  Pylon  
  66  6:36  Adept x3  
  66  6:37  Pylon, Phoenix (Chrono Boost)  
  74  6:48  Forge  
  74  6:49  Forge  
  74  6:59  Adept x6  
  84  7:08  Immortal  
  88  7:20  Protoss Ground Weapons Level 1 (Chrono Boost)  
  80  7:25  Phoenix (Chrono Boost)  
  80  7:28  Adept x2  
  80  7:29  Adept x5  
  96  7:32  Protoss Ground Armor Level 1 (Chrono Boost)  
  96  7:36  Probe  
  96  7:38  Probe x2  
  96  7:42  Resonating Glaives (Chrono Boost)  
  96  7:43  Assimilator  
  99  7:48  Phoenix  
  99  7:49  Sentry x2, Assimilator  
  99  7:50  Sentry  
  107  7:51  Adept x4  
  107  7:54  Probe x2  
  117  8:11  Immortal  
  121  8:13  Adept x2  
  121  8:14  Adept x5  
  121  8:18  Gateway  
  135  8:20  Probe x3, Gateway  
  138  8:44  Adept x7  
  149  8:54  Immortal (Chrono Boost)  
Show
View Real Time Build Order
Export as new Build Order

PerseVerAnce Terran 

Build Orders: Reaper Expand 

Get SALT Encoding   

  12  0:00  SCV  
  13  0:12  SCV  
  14  0:18  Supply Depot  
  14  0:24  SCV  
  15  0:40  SCV  
  15  0:41  Barracks  
  16  0:45  Refinery  
  16  0:52  SCV  
  17  1:04  SCV  
  18  1:16  SCV  
  19  1:28  Reaper, Orbital Command  
  20  1:45  Command Center  
  20  1:56  SCV  
  20  1:59  Supply Depot  
  20  2:00  Barracks Reactor  
  21  2:12  SCV  
  22  2:24  SCV, Barracks  
  22  2:28  Factory  
  23  2:31  Refinery  
  23  2:36  SCV  
  24  2:48  SCV, Marine x2  
  26  3:01  Orbital Command  
  26  3:04  SCV  
  27  3:05  Marine  
  27  3:12  Barracks Tech Lab, Widow Mine  
  30  3:14  Starport  
  30  3:16  SCV  
  31  3:20  Marine  
  31  3:24  Marine  
  33  3:28  SCV  
  33  3:30  SCV  
  35  3:35  Marauder  
  35  3:39  Marine  
  38  3:41  Marine  
  38  3:47  Widow Mine  
  41  3:48  Engineering Bay  
  41  3:50  Medivac  
  43  3:56  SCV x2  
  43  3:59  Stimpack  
  43  4:02  Refinery  
  45  4:08  SCV, Engineering Bay  
  46  4:15  Supply Depot  
  46  4:16  Terran Infantry Weapons Level 1  
  46  4:20  Factory Tech Lab  
  46  4:36  Marine x2  
  46  4:37  SCV x2, Marauder  
  52  4:46  Terran Infantry Armor Level 1  
  52  4:47  Supply Depot  
  52  4:49  SCV  
  53  4:53  Barracks  
  53  4:54  Marine  
  54  5:02  Supply Depot  
  54  5:08  Medivac, Marine  
  55  5:19  Marine  
  55  5:20  Marauder  
  54  5:22  SCV  
  54  5:23  SCV  
  54  5:27  Marine  
  57  5:30  Command Center, Siege Tank  
  57  5:45  SCV x2  
  59  5:51  Supply Depot  
  59  5:55  Missile Turret, Marine x2  
  59  5:56  Missile Turret  
  63  6:03  SCV x2  
  63  6:04  Barracks Reactor  
  63  6:12  Marauder  
  65  6:19  Marine x2  
  65  6:21  Starport Reactor  
  65  6:22  Siege Tank  
  65  6:24  SCV x2  
  72  6:28  Refinery  
  72  6:38  SCV x2  
  72  6:39  Marine x2  
  78  6:40  Armory, Marauder  
  78  6:50  SCV, Marine x2  
  81  6:57  Missile Turret  
  81  7:00  Marine x2  
  81  7:07  Marine  
  79  7:11  Marine x2  
  77  7:18  Siege Tank  
  77  7:22  Orbital Command  
  70  7:27  Marine x2  
  70  7:28  Marauder  
  64  7:30  Medivac x2  
  69  7:36  SCV x2  
  75  7:48  SCV x2  
  75  7:49  SCV, Marine x3  
  75  7:50  Marine  
  82  7:53  Liberator  
  82  7:58  Liberator  
  82  8:00  SCV x2  
  82  8:03  Marauder  
  89  8:17  Marine  
  89  8:18  Barracks  
  93  8:24  Refinery  
  93  8:26  Refinery  
  93  8:32  Supply Depot  
  93  8:33  Supply Depot  
  93  8:34  Supply Depot  
  93  8:53  Marine x2  
  93  8:54  SCV x3, Medivac, Siege Tank, Marine x3  
  106  8:58  Medivac  
  106  9:01  Supply Depot  
  108  9:02  Supply Depot  
  108  9:04  Supply Depot  
  108  9:06  SCV, Barracks  
  109  9:11  SCV x2, Marine  
  109  9:12  Marine  
  109  9:14  Marine x2  
  111  9:17  Barracks Reactor  
Tags
 
Add a new tag
Caveats
  • Supply blocks, unpowered buildings, or Contaminate may cause inaccurate times.
  • Supply counts are checked every 10 seconds.